 Dungeon Crawl Stone Soup version 0.27-a0-1185-ga233589e6f (webtiles) character file.

Game seed: 810561250740887748

606 Delamore the Cudgeller (level 7, -11/44 HPs)
             Began as a Gargoyle Fighter on May 19, 2021.
             Mangled by an ogre
             ... wielding a +0 giant spiked club
              (15 damage)
             ... on level 5 of the Dungeon.
             The game lasted 00:04:15 (5148 turns).

Delamore the Cudgeller (Gargoyle Fighter)           Turns: 5148, Time: 00:04:15

Health: -11/44     AC: 12    Str: 22    XL:     7   Next: 42%
Magic:  0/7        EV:  9    Int:  8    God:
Gold:   119        SH:  4    Dex:  9    Spells: 6/6 levels left

rFire    . . .     SeeInvis .   u - +2 whip (flame)
rCold    . . .     Faith    .   g - +0 buckler
rNeg     + . .     Spirit   +   b - +0 scale mail
rPois    ∞         Reflect  .   (no helmet)
rElec    +         Harm     .   (no cloak)
rCorr    .         Rampage  .   n - +0 pair of gloves
Will     .....                  (no boots)
Stlth    ..........             E - amulet of guardian spirit
HPRegen  0.14/turn              (no ring)
MPRegen  0.10/turn              (no ring)

@: no status effects
A: sickness immunity, AC +4, negative energy resistance 1, electricity
resistance, torment resistance 1, petrification resistance
a: no special abilities


You were on level 5 of the Dungeon.
You visited 1 branch of the dungeon, and saw 5 of its levels.

You collected 209 gold pieces.
You spent 90 gold pieces at shops.

Inventory:

Hand Weapons
 a - a +0 flail
 u - a +2 whip of flaming (weapon)
 D - a +0 morningstar
Missiles
 r - 24 poisoned darts (quivered)
 w - a throwing net
Armour
 b - a +0 scale mail (worn)
 c - a +0 kite shield
 g - a +0 buckler (worn)
 n - a +0 pair of gloves (worn)
 G - a +0 cloak
Jewellery
 i - an amulet of the acrobat
 v - a ring of poison resistance
 E - an amulet of guardian spirit (around neck)
 H - a ring of wizardry
Scrolls
 e - a scroll of fear
 f - 2 scrolls of amnesia
 h - a scroll of magic mapping
 j - a scroll of vulnerability
 k - a scroll of teleportation {unknown}
 l - a scroll of immolation
 y - 2 scrolls of holy word
 A - a scroll of blinking
 C - a scroll of torment {unknown}
 F - 3 scrolls of enchant armour {unknown}
Potions
 d - a potion of might
 m - a potion of resistance
 o - a potion of cancellation {unknown}
 p - 2 potions of curing {unknown}
 q - a potion of flight {unknown}
 s - 2 potions of ambrosia {unknown}
 t - a potion of degeneration {unknown}
 x - a potion of attraction {unknown}
 z - a potion of brilliance {unknown}
 B - a potion of haste
 I - a potion of heal wounds {unknown}


   Skills:
 - Level 5.0 Fighting
 + Level 6.3 Maces & Flails
 - Level 3.2 Armour
 - Level 5.0 Shields


You had 6 spell levels left.
You didn't know any spells.
Your spell library was empty.

Dungeon Overview and Level Annotations

Branches:
Dungeon (5/15)
 Temple: D:4-7

Altars:
Ashenzari
Nemelex Xobeh
Ru
Trog
Xom

Shops:
D:3 *   D:4 [


Innate Abilities, Weirdness & Mutations

You are immune to sickness and miasma.
Your stone body is resilient. (AC +4)
You are immune to poison.
You resist negative energy. (rN+)
You are resistant to electric shocks. (rElec)
You are resistant to unholy torment.
You are immune to petrification.


Message History

You are too injured to fight recklessly!
You are too injured to fight recklessly!
You are too injured to fight recklessly!
You are too injured to fight recklessly!
You hit the phantom but do no damage.
The phantom is almost destroyed.
The phantom misses you.
You hit the phantom but do no damage.
The phantom is almost destroyed.
You block the phantom's attack.
You closely miss the phantom.
The phantom is almost destroyed.
You hit the phantom. You burn the phantom.
The phantom is almost destroyed.
The phantom closely misses you.
You closely miss the phantom.
The phantom is almost destroyed.
The phantom closely misses you.
You hit the phantom. You burn the phantom.
You destroy the phantom!
Your Maces & Flails skill increases to level 6!
There is a stone staircase leading up here.
You hit the ogre. You burn the ogre.
The ogre is moderately wounded.
The ogre barely misses you.
You barely miss the ogre.
The ogre is moderately wounded.
You hit the ogre. You burn the ogre.
The ogre is heavily wounded.
The ogre hits you with a +0 giant spiked club!
You barely miss the ogre.
The ogre is heavily wounded.
The ogre hits you with a +0 giant spiked club!
* * * LOW HITPOINT WARNING * * *
You whack the ogre! You burn the ogre.
The ogre is severely wounded.
You completely miss the ogre.
The ogre is severely wounded.
The ogre hits you with a +0 giant spiked club!
You die...

###.. .....# #
###...# ..
#.#...#######..#
..#............#
#.#..#.......#.#
#.#..#.)÷......#
#.#..#..@...#
#+#######.#..##O#####
.....#....#).....#
.....#.#)...######
.....#.#.####
.....#.#..
.....#.#### .......#
.#######


You could see an ogre.

Vanquished Creatures
  A necrophage (D:4)
  An ogre (D:5)
  A phantom (D:5)
  A howler monkey (D:4)
  An orc priest (D:4)
  Crazy Yiuf (D:4)
  A bullfrog skeleton (D:4)
  A jelly (D:4)
  An iguana (D:5)
  An orc wizard (D:3)
  3 gnolls
  An adder (D:2)
  2 adder skeletons
  2 worms
  A dart slug (D:4)
  15 orcs
  6 ball pythons
  6 endoplasms
  5 giant cockroaches
  9 goblins
  6 hobgoblins
  6 jackals
  7 kobolds
  A quokka (D:1)
  6 bats
  4 frilled lizards
  5 rats
95 creatures vanquished.

Notes
Turn   | Place    | Note
-------+----------+-------------------------------------------
     0 | D:1      | Delamore the Gargoyle Fighter began the quest for the Orb.
     0 | D:1      | Reached XP level 1. HP: 14/14 MP: 1/1
   109 | D:1      | Reached XP level 2. HP: 13/19 MP: 2/2
   555 | D:1      | Reached XP level 3. HP: 20/24 MP: 3/3
   770 | D:1      | Found a faded altar of an unknown god.
  1566 | D:1      | Reached XP level 4. HP: 11/29 MP: 4/4
  1781 | D:2      | Found a bloodstained altar of Trog.
  1815 | D:2      | Reached skill level 3 in Maces & Flails
  2701 | D:3      | Found Jiga's General Store.
  2836 | D:3      | Bought a scroll of blinking for 90 gold pieces
  2891 | D:3      | Found a broken altar of Ashenzari.
  2894 | D:3      | Found a shimmering altar of Xom.
  2894 | D:3      | Found a sparkling altar of Nemelex Xobeh.
  2894 | D:3      | Found a sacrificial altar of Ru.
  2899 | D:3      | Reached XP level 5. HP: 34/34 MP: 5/5
  3432 | D:4      | Reached XP level 6. HP: 30/40 MP: 6/6
  3565 | D:4      | Reached skill level 5 in Shields
  3657 | D:4      | Reached skill level 5 in Fighting
  3746 | D:4      | Reached skill level 4 in Maces & Flails
  3899 | D:4      | Found Pyubul's Armour Shop.
  3972 | D:4      | Noticed a necrophage
  3986 | D:4      | Killed a necrophage
  3987 | D:4      | Reached skill level 5 in Maces & Flails
  4376 | D:4      | Found a runed translucent door.
  4377 | D:4      | Noticed Crazy Yiuf
  4567 | D:4      | Killed Crazy Yiuf
  4809 | D:5      | Entered Level 5 of the Dungeon
  4821 | D:5      | Reached XP level 7. HP: 7/44 MP: 0/7
  5136 | D:5      | Reached skill level 6 in Maces & Flails
  5148 | D:5      | Mangled by an ogre

Illustrated notes

Levels and vault maps discovered:
D:1:      lemuel_arrival_broad_hall, layout_loops_ring,
          ebering_ecumenical_altar_ruins
D:2:      layout_basic, basic_altar
D:3:      layout_rooms, grunt_temple_overflow_open, serial_shops,
          nicolae_shop_waterfront
D:4:      layout_basic, serial_shops, kennysheep_mini, grunt_decor_one_mirror,
          minmay_misc_feat_chi, uniq_crazy_yiuf_cottage
D:5:      layout_basic, nrook_mini_vaults, chequers_serial_rivers_micro_d

Skill      XL: |  1  2  3  4  5  6  7 |
---------------+----------------------+-----
Shields        | 4 5 |  5.0
Fighting       | 4 5 |  5.0
Maces & Flails | 3 5 6 |  6.3
Armour         | |  3.2

Action                   |  1- 3 |  4- 6 |  7- 9 || total
-------------------------+-------+-------+-------++-------
Melee: Flail             |   162 |       |       ||   162
       Whip              |       |   211 |    26 ||   237
  Use: Scroll            |       |     7 |       ||     7
Armor: Scale mail        |   141 |    89 |     6 ||   236
Dodge: Dodged            |    99 |    76 |     6 ||   181
Block: Kite shield       |    10 |       |       ||    10
       Buckler           |    45 |    33 |     4 ||    82

Table legend: (Time is in decaauts)
 A = Elapsed time spent in this place.
 B = Non-inter-level travel time spent in this place.
 C = Inter-level travel time spent in this place.
 D = Time resting spent in this place.
 E = Time spent auto-exploring this place.
 F = Levels seen in this place.
 G = Mean time per level.
                   A        B        C        D        E       F      G
               +--------+--------+--------+--------+--------+-----+--------+
         Total |   5179 |   5013 |    166 |   1009 |   3198 |   5 | 1035.8 |
       Dungeon |   5179 |   5013 |    166 |   1009 |   3198 |   5 | 1035.8 |
               +--------+--------+--------+--------+--------+-----+--------+

Top non-repeatable levels by time:
     D:4: 1851 daAuts
     D:2: 1287 daAuts
     D:1: 1220 daAuts
     D:3: 740 daAuts
     D:5: 79 daAuts
